 Dungeon Crawl Stone Soup version 0.22-a0-565-gfc6459a (webtiles) character file.

130 Amnesiac the Digger (level 4, -1/21 HPs)
             Began as a Spriggan Earth Elementalist on June 28, 2018.
             Slain by a slave (6 damage)
             ... led by Pikel
             ... on level 3 of the Dungeon.
             The game lasted 00:03:33 (1148 turns).

Amnesiac the Digger (Spriggan Earth Elementalist)   Turns: 1148, Time: 00:03:34

Health: -1/21      AC:  2    Str:  2 (4)  XL:     4   Next: 90%
Magic:  5/9        EV: 18    Int: 14 (17) God:
Gold:   121        SH:  0    Dex: 13 (16) Spells: 2/9 levels left

rFire    . . .     SeeInvis +   a - +1 dagger (drain)
rCold    . . .     Gourm    .   (shield restricted)
rNeg     . . .     Faith    .   c - +0 robe
rPois    .         Spirit   .   (helmet restricted)
rElec    .         Reflect  .   (no cloak)
rCorr    .         Harm     .   (gloves unavailable)
MR       .....                  (boots unavailable)
Stlth    ++........             (no amulet)
HPRegen  0.07/turn              (no ring)
MPRegen  0.11/turn              (no ring)

@: very quick
A: very small, unfitting armour, see invisible, herbivore, speed 3, slow
metabolism 2
a: no special abilities


You were on level 3 of the Dungeon.
You were not hungry.

You visited 1 branch of the dungeon, and saw 4 of its levels.

You collected 121 gold pieces.

Inventory:

Hand Weapons
 a - a +1 dagger of draining (weapon)
 j - a +0 dagger
Missiles
 b - 83 stones (quivered)
Armour
 c - a +0 robe (worn)
 m - a +0 cloak
Scrolls
 f - 3 scrolls of identify {!r, unknown}
 g - a scroll of fog {!r, unknown}
 h - a scroll of enchant armour {!r, unknown}
 k - a scroll of teleportation {!r, unknown}
 l - a scroll of random uselessness {!r, unknown}
Potions
 i - a potion of curing {!q, unknown}
 n - a potion of mutation {!q, unknown}
Comestibles
 d - 6 rations


   Skills:
 - Level 3.2 Short Blades
 - Level 3.0 Dodging
 + Level 3.0 Stealth
 + Level 3.1 Spellcasting
 + Level 3.3 Transmutations
 * Level 3.3 Earth Magic


You had 2 spell levels left.
You knew the following spells:

 Your Spells              Type           Power        Failure   Level  Hunger
a - Sandblast             Erth           ##....       5%          1    #......
b - Passwall              Tmut/Erth      ##......     9%          2    ##.....
e - Petrify               Tmut/Erth      ##......     47%         4    #####..

Your spell library contained the following spells:

 Spells                   Type           Power        Failure   Level  Hunger
 Stone Arrow              Conj/Erth      #.....       32%         3    ###....
 Lee's Rapid Deconstruct  Erth           ##........   83%         5    ######.


Dungeon Overview and Level Annotations

Branches:
Dungeon (4/15)
 Temple: D:4-7

Altars:

Shops:
D:4 !

Annotations:
D:2 Natasha
D:4 Pikel


Innate Abilities, Weirdness & Mutations

You are very small and have problems with some larger weapons.
You are too small for most types of armour.
You have supernaturally acute eyesight. (SInv)
You are a herbivore.
You cover ground extremely quickly.
You need to consume almost no food.


Message History

You open the door.
A bat comes into view.
Found a scroll labeled ZUODWOCASM.
There is an open door here.
You see here a scroll labeled ZUODWOCASM {!r}.
f - 3 scrolls labeled ZUODWOCASM {!r} (gained 1)
Casting: Sandblast (safe; 4% risk of failure)
Confirm with . or Enter, or press ? or * to list all spells.
Aiming: Sandblast (safe; 4% risk of failure)
Press: ? - help, Shift-Dir - straight line, f - bat
Aim: a bat The blast of sand hits the bat.
You kill the bat!
b - 67 stones Unknown command.
Found 20 stones.
b - 87 stones (gained 20)
You start resting.
Magic restored.
You start resting.
The slave is too close now for your liking.
Casting: Sandblast (safe; 4% risk of failure)
Confirm with . or Enter, or press ? or * to list all spells.
Aiming: Sandblast (safe; 4% risk of failure)
Press: ? - help, Shift-Dir - straight line, f - slave
Aim: a slave, wearing an animal skin The blast of sand hits the slave.
The slave is lightly wounded.
b - 86 stones Unknown command.
Casting: Sandblast (safe; 4% risk of failure)
Confirm with . or Enter, or press ? or * to list all spells.
Aiming: Sandblast (safe; 4% risk of failure)
Press: ? - help, Shift-Dir - straight line, f/p - slave
Aim: a slave, wearing an animal skin (lightly wounded)
The blast of sand hits the slave.
The slave is moderately wounded.
b - 85 stones Unknown command.
Casting: Sandblast (safe; 4% risk of failure)
Confirm with . or Enter, or press ? or * to list all spells.
Aiming: Sandblast (safe; 4% risk of failure)
Press: ? - help, Shift-Dir - straight line, f/p - slave
Aim: a slave, wearing an animal skin (moderately wounded)
The blast of sand misses the slave.
b - 84 stones Unknown command.
Casting: Sandblast (safe; 4% risk of failure)
Confirm with . or Enter, or press ? or * to list all spells.
Aiming: Sandblast (safe; 4% risk of failure)
Press: ? - help, Shift-Dir - straight line, f/p - slave
Aim: a slave, wearing an animal skin (moderately wounded)
The blast of sand hits the slave.
The slave is heavily wounded.
b - 83 stones The slave misses you.
Unknown command.
Okay, then.
Really quaff
e - a blue potion {!q}?
It was a potion of degeneration {!q}.
There was something very wrong with that liquid.
You feel weakened.
You feel dopey.
You feel clumsy. The slave hits you.
You die...

##############
#......p@p...#
#(##########.###
#########.########.....#
..p..............'.....+
.######'#.########.....#
...pp.....### #...†.#
.....)........ +.......
..........#### #......##
..........# #........


You could see 2 slaves.

Vanquished Creatures
  A howler monkey (D:4)
  Robin (D:2)
  2 adders (D:2)
  An adder skeleton (D:4)
  3 worms (D:2)
  A dart slug (D:4)
  A leopard gecko (D:2)
  3 orcs (D:4)
  A ball python (D:4)
  10 goblins
  4 hobgoblins (D:2)
  2 jackals (D:2)
  2 kobolds
  A quokka (D:2)
  3 bats
  A frilled lizard (D:2)
  7 rats
44 creatures vanquished.

Notes
Turn   | Place    | Note
-------+----------+-------------------------------------------
     0 | D:1      | Amnesiac the Spriggan Earth Elementalist began the quest for the Orb.
     0 | D:1      | Reached XP level 1. HP: 9/9 MP: 5/5
   245 | D:2      | Reached XP level 2. HP: 13/13 MP: 4/7
   249 | D:2      | Learned a level 2 spell: Passwall
   265 | D:2      | Noticed Natasha
   400 | D:2      | Reached XP level 3. HP: 16/16 MP: 0/8
   588 | D:2      | Noticed Robin
   612 | D:2      | Killed Robin
   612 | D:2      | Reached skill level 1 in Short Blades
   770 | D:2      | Reached XP level 4. HP: 21/21 MP: 2/9
   786 | D:2      | Learned a level 4 spell: Petrify
   980 | D:4      | Found Leciyrie's Distillery.
  1052 | D:4      | Noticed Pikel
  1052 | D:4      | Noticed a slave
  1053 | D:4      | Noticed a slave
  1056 | D:4      | Noticed a slave
  1069 | D:4      | Noticed a slave
  1148 | D:3      | Slain by a slave

Vault maps used:
D:1:      eino_arrival_water_cross, minmay_tetromino_i2
D:2:      minitemple, kennysheep_potato, uniq_natasha, uniq_robin
D:3:      cheibrodos_old_hovel, uniq_grinder
D:4:      kennysheep_little_box, serial_shops, shop, first_ration,
          lemuel_angel_altar, uniq_pikel

Skill      XL: |  1  2  3  4 |
---------------+-------------+-----
Earth Magic    | 3 |  3.3
Spellcasting   | 3 |  3.1
Transmutations | 3 |  3.3
Short Blades   | 1 3 |  3.2
Dodging        | |  3.0
Stealth        | |  3.0

Action                   |  1- 3 |  4- 6 || total
-------------------------+-------+-------++-------
Melee: Dagger            |    28 |     9 ||    37
 Cast: Sandblast         |    40 |    16 ||    56
       Passwall          |     2 |     1 ||     3
  Use: Potion            |       |     1 ||     1
 Stab: Sleeping          |     4 |     2 ||     6
Armor: Robe              |     3 |     3 ||     6
Dodge: Dodged            |    23 |    12 ||    35

Table legend:
 A = Spawn XP
 B = Non-spawn XP
 C = Spawn XP percentage of total XP
 D = Spawn monster count
 E = Non-spawn monster count
 F = Spawn count percentage of total count
 G = Total turns spent on level
                    A         B        C        D         E        F      G
               +---------+---------+-------+---------+---------+-------+---------
         Total |       0 |     187 |   0.0 |       0 |      44 |   0.0 |  1148
               +---------+---------+-------+---------+---------+-------+---------
           D:1 |       0 |       8 |   0.0 |       0 |       7 |   0.0 |   232
           D:2 |       0 |      96 |   0.0 |       0 |      28 |   0.0 |   644
           D:3 |       0 |       3 |   0.0 |       0 |       2 |   0.0 |   130
           D:4 |       0 |      80 |   0.0 |       0 |       7 |   0.0 |   142
               +---------+---------+-------+---------+---------+-------+---------
